 Dungeon Crawl Stone Soup version 0.27-a0-29-g2d0a2396b0 (webtiles) character file.

Game seed: 18301638645106672875

21544 gruber the Basher (level 12, -3/95 HPs)
             Began as a Demonspawn Fighter on Jan 3, 2021.
             Was an Initiate of Gozag.
             Slain by a seven-headed hydra (4 damage)
             ... on level 2 of the Lair of Beasts.
             The game lasted 00:21:52 (16914 turns).

gruber the Basher (Demonspawn Fighter)             Turns: 16914, Time: 00:21:52

Health: -3/95      AC: 18    Str: 21    XL:     12   Next: 55%
Magic:  12/12      EV: 14    Int: 10    God:    Gozag
Gold:   2149       SH: 12    Dex: 13    Spells: 9/11 levels left

rFire    + . .     SeeInvis .   j - +11 club
rCold    + . .     Faith    .   c - +0 kite shield
rNeg     . . .     Spirit   .   J - +2 ring mail {rF+}
rPois    +         Reflect  .   t - +0 helmet
rElec    .         Harm     .   M - +2 cloak
rCorr    .         Rampage  .   D - +0 pair of gloves
Will     .....                  (boots unavailable)
Stlth    +.........             (no amulet)
HPRegen  0.25/turn              K - ring of Demons {+Blink rC+}
MPRegen  0.13/turn              z - ring of poison resistance

@: agile
A: talons 3, iridescent scales 2, powered by pain 1
a: Renounce Religion, Evoke Blink, Potion Petition, Call Merchant, Bribe Branch


You were on level 2 of the Lair of Beasts.
You worshipped Gozag.
Gozag was most pleased with you.
You visited 3 branches of the dungeon, and saw 16 of its levels.
You also visited: Sewer.

You collected 2911 gold pieces.
You spent 687 gold pieces at shops.
You paid 75 gold pieces to Gozag.

Inventory:

Hand Weapons
 j - a +11 club (weapon)
Missiles
 a - 5 throwing nets
 g - 55 poisoned darts (quivered)
 o - 6 javelins
 w - 10 curare-tipped darts
Armour
 c - a +0 kite shield (worn)
 t - a +0 helmet (worn)
 D - a +0 pair of gloves (worn)
 J - a +2 ring mail of fire resistance (worn)
 M - a +2 cloak (worn)
Jewellery
 i - an uncursed ring of protection from cold
 l - an uncursed ring of flight
 n - an uncursed ring of willpower
 x - an uncursed ring of resist corrosion
 z - a ring of poison resistance (right hand)
 K - the ring of Demons (left hand) {+Blink rC+}
   (You found it on level 8 of the Dungeon)

   [ring of protection from cold]

   It protects you from cold.
   It lets you blink.
 T - an uncursed ring of ice {unknown}
Wands
 v - a wand of paralysis (14)
 y - a wand of iceblast (13)
 P - a wand of acid (13)
 S - a wand of digging (4)
 V - a wand of polymorph (4)
Scrolls
 f - 10 scrolls of identify
 h - 2 scrolls of enchant weapon {unknown}
 m - a scroll of amnesia {unknown}
 p - 13 scrolls of teleportation
 r - 5 scrolls of immolation {unknown}
 s - 8 scrolls of remove curse
 E - 5 scrolls of magic mapping {unknown}
 F - 3 scrolls of fog {unknown}
 G - 2 scrolls of fear {unknown}
 N - 2 scrolls of blinking {unknown}
 O - 2 scrolls of enchant armour
 Q - 2 scrolls of vulnerability {unknown}
Potions
 b - 3 potions of lignification {unknown}
 d - a potion of might
 e - 7 potions of brilliance {unknown}
 k - 4 potions of attraction {unknown}
 q - 3 potions of invisibility
 u - a potion of ambrosia {unknown}
 A - 2 potions of haste
 B - 3 potions of flight {unknown}
 C - 3 potions of degeneration {unknown}
 H - 8 potions of curing
 I - 3 potions of heal wounds {unknown}
 R - 2 potions of mutation {unknown}
 U - a potion of cancellation {unknown}
Miscellaneous
 L - a condenser vane


   Skills:
 - Level 9.1 Fighting
 - Level 3.7 Long Blades
 - Level 0.3(8.3) Axes
 * Level 12.7 Maces & Flails
 - Level 0.2(8.3) Staves
 - Level 0.4 Throwing
 - Level 6.0 Armour
 - Level 10.0 Shields
 - Level 0.5 Conjurations
 - Level 0.1 Translocations
 - Level 0.1 Transmutations
 - Level 0.2 Ice Magic
 - Level 0.1 Earth Magic
 - Level 0.2 Invocations
 - Level 3.7 Evocations


You had 9 spell levels left.
You knew the following spells:

 Your Spells              Type           Power        Failure   Level
a - Wereblood             Tmut           0%           86%         2

Your spell library contained the following spells:

 Spells                   Type           Power        Failure   Level
 Beastly Appendage        Tmut           0%           73%         1
 Gell's Gravitas          Tloc           0%           97%         3
 Spider Form              Tmut/Pois      0%           97%         3
 Confusing Touch          Hex            0%           98%         3
 Ice Form                 Ice/Tmut       0%           100%        4
 Petrify                  Tmut/Erth      0%           100%        4
 Blade Hands              Tmut           0%           100%        5
 Metabolic Englaciation   Hex/Ice        0%           100%        5
 Yara's Violent Unravell  Hex/Tmut       0%           100%        5


Dungeon Overview and Level Annotations

Branches:
Dungeon (13/15)            Temple (1/1) D:6            Lair (2/6) D:11
    Orc (0/2) D:9           Sewer (visited)
  Swamp: Lair:2-4    Shoals: Lair:2-4     Snake: Lair:2-4    Spider: Lair:2-4
 Vaults: D:13-14

Altars:
Ashenzari
Cheibriados
Dithmenos
Elyvilon
Fedhas
Gozag
Hepliaklqana
Kikubaaqudgha
Makhleb
Nemelex Xobeh
Okawaru
Qazlal
Ru
Sif Muna
Trog
Uskayaw
Vehumet
Wu Jian
Xom
Yredelemnul
Zin
The Shining One

Shops:
D:4 [   D:9 *   D:11 ?

Annotations:
D:6 3 runed translucent doors, Killmatronix's ghost, novice OpHu
Lair:1 exclusion: 2 oklob plants


Innate Abilities, Weirdness & Mutations

You have claws for feet.
You are mostly covered in iridescent scales. (AC +4)
You sometimes gain a little power by taking damage.


Message History

Unknown command.
The blink frog blinks!
The blink frog blinks!
Evoke which item? (* to show all) (? for menu, Esc to quit)
Aiming: Iceblast
Press: ? - help, Shift-Dir - straight line, p - seven-headed hydra The mass of ice explodes!
The iceblast engulfs the seven-headed hydra!!
The seven-headed hydra is heavily wounded.
You block the seven-headed hydra's attack.
The seven-headed hydra barely misses you.
You block the seven-headed hydra's attack.
The seven-headed hydra bites you!
* * * LOW HITPOINT WARNING * * *
The seven-headed hydra bites you!
* * * LOW HITPOINT WARNING * * *
The seven-headed hydra bites you but does no damage.
The seven-headed hydra bites you.
You die...
Your body crumbles into a pile of gold.

.........)...#
............##
.......#..#.#
......##.##.##
......#..##..######
......<........#..######
......##..##.#..........
<.........P##...........
...............D@.......
......P....P##F##.#####.
.......P...§F..##.###
...........F####..#.##.
......#.....F....).....
......#......FF........
......P.......F........
..........P##..........
).......#..####........


You could see a seven-headed hydra and 3 blink frogs.

Vanquished Creatures
  Harold (D:7)
  2 boulder beetles
  A two-headed ogre (D:8)
  An ugly thing (D:10)
  A manticore (D:12)
  A deep elf mage (D:13)
  2 centaur zombies (D:13)
  A black mamba (Lair:1)
  A cane toad (Lair:1)
  A gargoyle (D:12)
  A freezing wraith (D:12)
  A troll (D:13)
  Grinder (D:3)
  Sigmund (D:6)
  A wyvern (D:11)
  2 wraiths
  A vampire (D:9)
  23 yaks
  3 basilisks
  Eustachio (D:5)
  Duvessa (D:6)
  7 water moccasins
  6 ice beasts
  2 sky beasts
  5 orc warriors
  18 wolves
  An eye of draining (D:12)
  4 phantoms
  6 ogres
  11 centaurs
  2 big kobolds
  17 bullfrogs
  A water moccasin zombie (D:10)
  4 gnoll sergeants
  A wyvern skeleton (D:7)
  Dowan (D:6)
  3 scorpions
  18 killer bees
  8 wights
  An electric eel (D:9)
  2 howler monkeys
  3 jellies
  A quasit (D:10)
  A bullfrog zombie (D:7)
  9 hounds
  10 orc wizards
  Crazy Yiuf (D:2)
  2 bullfrog skeletons
  3 centaur skeletons
  10 orc priests
  A gnoll shaman (D:7)
  Jessica (D:2)
  Terence (D:3)
  5 worker ants
  A hound zombie (D:6)
  A hound skeleton (D:6)
  20 gnolls
  5 river rats (Sewer)
  20 adders
  3 ufetubi
  3 oozes
  An adder zombie (D:5)
  4 worms
  6 dart slugs
  6 leopard geckos
  39 orcs
  13 ball pythons
  8 bats
  6 giant cockroaches
  10 goblins
  10 hobgoblins
  15 jackals
  19 kobolds
  4 quokkas
  10 frilled lizards
  A leopard gecko skeleton (D:7)
  33 rats
452 creatures vanquished.

Vanquished Creatures (others)
  A quokka (D:7)
  3 fungi (D:6)
  21 plants
25 creatures vanquished.

Grand Total: 477 creatures vanquished

Notes
Turn   | Place    | Note
-------+----------+-------------------------------------------
     0 | D:1      | gruber the Demonspawn Fighter began the quest for the Orb.
     0 | D:1      | Reached XP level 1. HP: 18/18 MP: 1/1
   258 | D:1      | Gained mutation: You are partially covered in iridescent
                  | scales. (AC +2) [demonic ancestry]
   258 | D:1      | Reached XP level 2. HP: 20/24 MP: 2/2
  1094 | D:2      | Found an opulent altar of Gozag.
  1139 | D:2      | Found an ornate altar of the Wu Jian Council.
  1173 | D:2      | Gained mutation: You are mostly covered in iridescent
                  | scales. (AC +4) [demonic ancestry]
  1173 | D:2      | Reached XP level 3. HP: 21/29 MP: 3/3
  1269 | D:2      | Noticed Jessica
  1276 | D:2      | Killed Jessica
  1345 | D:2      | Gained mutation: You have sharp toenails. [demonic
                  | ancestry]
  1345 | D:2      | Reached XP level 4. HP: 33/35 MP: 4/4
  1772 | D:2      | Found a runed translucent door.
  1773 | D:2      | Noticed Crazy Yiuf
  1977 | D:2      | Killed Crazy Yiuf
  1978 | D:2      | Reached skill level 1 in Evocations
  2217 | D:3      | Noticed a phantom
  2229 | D:3      | Reached XP level 5. HP: 37/41 MP: 5/5
  2242 | D:3      | Killed a phantom
  2431 | D:3      | Found a hazy altar of Hepliaklqana.
  2432 | D:3      | Found a shimmering altar of Xom.
  2433 | D:3      | Noticed a spectral ugly thing
  2526 | D:3      | Noticed Terence
  2531 | D:3      | Killed Terence
  2532 | D:3      | Reached skill level 1 in Maces & Flails
  2563 | D:3      | Gained mutation: You have razor-sharp toenails. [demonic
                  | ancestry]
  2563 | D:3      | Reached XP level 6. HP: 46/47 MP: 6/6
  2649 | D:3      | Reached skill level 2 in Maces & Flails
  3075 | D:3      | Noticed Grinder
  3082 | D:3      | Killed Grinder
  3083 | D:3      | Reached skill level 4 in Maces & Flails
  3083 | D:3      | Gained mutation: You have claws for feet. [demonic
                  | ancestry]
  3083 | D:3      | Reached XP level 7. HP: 45/52 MP: 7/7
  3295 | D:4      | Found a hide-covered altar of Uskayaw.
  3836 | D:4      | Found a sparkling altar of Nemelex Xobeh.
  3915 | D:4      | Found Maveog's Antique Armour Shoppe.
  3929 | D:4      | Found a shimmering blue altar of Sif Muna.
  3946 | D:4      | Found a broken altar of Ashenzari.
  4009 | D:5      | Entered Level 5 of the Dungeon
  4019 | D:4      | Reached skill level 5 in Maces & Flails
  4097 | D:5      | Reached skill level 6 in Maces & Flails
  4262 | D:5      | Found a blossoming altar of Fedhas.
  4277 | D:5      | Reached XP level 8. HP: 58/58 MP: 8/8
  4584 | D:5      | Found a burning altar of Makhleb.
  4584 | D:5      | Noticed a blizzard demon
  4587 | D:5      | Noticed a smoke demon
  4600 | D:5      | Found a basalt altar of Yredelemnul.
  4723 | D:5      | Reached skill level 7 in Maces & Flails
  5092 | D:6      | Reached skill level 8 in Maces & Flails
  5110 | D:6      | Noticed Duvessa
  5110 | D:6      | Noticed Dowan
  5130 | D:6      | Killed Duvessa
  5132 | D:6      | Killed Dowan
  5296 | D:6      | Found a glowing drain.
  5327 | Sewer    | Entered a sewer
  5601 | Sewer    | Reached skill level 5 in Armour
  5602 | Sewer    | Reached XP level 9. HP: 56/63 MP: 9/9
  5718 | D:6      | Found a runed translucent gate.
  5719 | D:6      | Found a runed translucent gate.
  5720 | D:6      | Found a runed translucent gate.
  5722 | D:6      | Noticed Killmatronix's ghost (novice OpHu)
  5728 | D:6      | Identified the cursed +0 dagger "Tormentor" {chaos, +Fly
                  | rF+}
  5736 | D:6      | Noticed Eustachio
  5752 | D:5      | Killed Eustachio
  6116 | D:6      | Noticed Sigmund
  6124 | D:6      | Killed Sigmund
  6141 | D:6      | Found a staircase to the Ecumenical Temple.
  6155 | D:6      | Reached skill level 5 in Shields
  6161 | Temple   | Entered the Ecumenical Temple
  6451 | D:2      | Became a worshipper of Gozag Ym Sagoz the Greedy
  7676 | D:7      | Gained mutation: You sometimes gain a little power by
                  | taking damage. [demonic ancestry]
  7676 | D:7      | Reached XP level 10. HP: 63/70 MP: 10/10
  7726 | D:7      | Noticed Harold
  7915 | D:7      | Paralysed by Harold for 6 turns
  7930 | D:7      | Killed Harold
  7988 | D:7      | Found a white marble altar of Elyvilon.
  8104 | D:7      | Learned a level 2 spell: Wereblood
  8273 | D:8      | Found a radiant altar of Vehumet.
  8412 | D:8      | Found a snail-covered altar of Cheibriados.
  8724 | D:8      | Got a shimmering bronze ring
  8868 | D:8      | Noticed a two-headed ogre
  8900 | D:8      | Killed a two-headed ogre
  8901 | D:8      | Reached skill level 10 in Shields
  9319 | D:9      | Identified the ring of Demons {+Blink rC+} (You found it on
                  | level 8 of the Dungeon)
  9477 | D:9      | Found a staircase to the Orcish Mines.
  9797 | D:9      | Found Lyoschid's General Store.
  9816 | D:9      | Reached skill level 5 in Fighting
  9837 | D:9      | Bought a condenser vane for 560 gold pieces
  9933 | D:9      | Noticed a moth of wrath
  9936 | D:9      | Found a bloodstained altar of Trog.
 10798 | D:10     | Entered Level 10 of the Dungeon
 11040 | D:10     | Noticed a red ugly thing
 11377 | D:10     | Reached XP level 11. HP: 79/83 MP: 11/11
 11647 | D:10     | Killed a red ugly thing
 12153 | D:11     | Found Paosol's Magic Scroll Boutique.
 12159 | D:11     | Bought a scroll of enchant armour for 127 gold pieces
 12329 | D:11     | Found a staircase to the Lair.
 13702 | D:12     | Reached skill level 9 in Maces & Flails
 14428 | D:12     | Reached skill level 10 in Maces & Flails
 14535 | D:12     | Noticed a boulder beetle
 14549 | D:12     | Killed a boulder beetle
 14786 | D:13     | Noticed a deep elf mage
 14796 | D:13     | Killed a deep elf mage
 14797 | D:13     | Reached XP level 12. HP: 92/95 MP: 12/12
 15043 | Lair:1   | Entered Level 1 of the Lair of Beasts
 15084 | Lair:1   | You fall into a shaft and drop 1 floor!
 15097 | Lair:1   | Reached skill level 11 in Maces & Flails
 15456 | Lair:1   | Found an ornate altar of the Wu Jian Council.
 15456 | Lair:1   | Found a hide-covered altar of Uskayaw.
 15456 | Lair:1   | Noticed a boulder beetle
 15470 | Lair:1   | Killed a boulder beetle
 15995 | Lair:1   | Reached skill level 12 in Maces & Flails
 16894 | Lair:2   | Noticed a seven-headed hydra
 16914 | Lair:2   | HP: 1/95 [seven-headed hydra (7)]
 16914 | Lair:2   | Slain by a seven-headed hydra

Illustrated notes

Levels and vault maps discovered:
D:1:      dpeg_arrival_concentric_ovals, layout_basic
D:2:      layout_basic, general_overflow_altar, nzn_wu_jian_contemplation,
          hangedman_glass_teeth, grunt_ministairs_1, uniq_jessica,
          uniq_crazy_yiuf_cottage
D:3:      layout_loops_ring, regret_index_temple_of_mockery,
          minmay_misc_feat_secret_circle, kennysheep_generic_room_9,
          uniq_grinder, uniq_terence
D:4:      layout_cave_pools, lemuel_crystal_altar, led_sif_pool,
          lemuel_coloured_pillars_altar, serial_shops, kennysheep_mini_moat,
          nemelex_spade_bored_becter
D:5:      layout_basic, makhleb_altar_promises_db, lemuel_doored_altar,
          nrook_campfire, fedhas_bush_and_centaur_altar
D:6:      layout_gridville, minmay_temple_entry_mist, portal_sewer_entry_f,
          gammafunk_ghost_nasty_kobolds, uniq_eustachio, uniq_sigmund,
          uniq_duvessa
D:7:      kennysheep_housing_project, layout_rooms, elyvilon_altar_4,
          uniq_harold
D:8:      layout_rooms, chequers_temple_overflow_statue_of_worship
D:9:      layout_basic, tgw_trog, david_orc_3, serial_shops,
          nicolae_shop_temple_entry_statues_fountains, serial_bayou_ford_a,
          solitary_fountain
D:10:     layout_rooms
D:11:     layout_loops_ring, david_lair_generic, serial_shops, shop_statue
D:12:     layout_gridville, grunt_ministairs_2
D:13:     layout_irregular_city
Temple:   chequers_temple_sunken
Lair:1:   layout_chaotic_city, nzn_masters_of_martial_movement,
          minmay_lair_oklob_chamber, lemuel_fruit_tree
Lair:2:   layout_gridlike

Skill      XL: |  1  2  3  4  5  6  7  8  9 10 11 12 |
---------------+-------------------------------------+-----
Long Blades    | 2 3 |  3.7
Evocations     | 1 3 |  3.7
Maces & Flails | 1 4 6 8 10 12 | 12.7
Armour         | 5 6 |  6.0
Shields        | 7 10 | 10.0
Fighting       | 6 9 |  9.1
Axes           | |  0.3
Staves         | |  0.2
Throwing       | |  0.4
Conjurations   | |  0.5
Translocations | |  0.1
Transmutations | |  0.1
Ice Magic      | |  0.2
Earth Magic    | |  0.1
Invocations    | |  0.2

Action                   |  1- 3 |  4- 6 |  7- 9 | 10-12 || total
-------------------------+-------+-------+-------+-------++-------
Melee: Long sword        |    63 |       |       |       ||    63
       Club              |     3 |   126 |   435 |   841 ||  1405
       Kick              |       |    23 |    94 |   285 ||   402
Throw: Dart              |    22 |       |       |    20 ||    42
       Throwing net      |       |       |       |     2 ||     2
 Abil: Evoke Flight      |       |     1 |     1 |       ||     2
Evoke: Wand              |       |       |     1 |    10 ||    11
       Condenser vane    |       |       |       |     1 ||     1
  Use: Scroll            |       |       |       |     4 ||     4
       Potion            |       |       |       |     2 ||     2
 Stab: Paralysed         |       |       |     2 |     7 ||     9
       Held in net/web   |       |       |       |     2 ||     2
       Distracted        |       |       |       |     4 ||     4
Armor: Scale mail        |    26 |    58 |   227 |       ||   311
       Ring mail         |       |       |     2 |   328 ||   330
Dodge: Dodged            |    12 |    36 |   117 |   220 ||   385
Block: Kite shield       |    29 |    57 |   237 |   446 ||   769
       Rpst.: Long sword |     1 |       |       |       ||     1

Table legend: (Time is in decaauts)
 A = Elapsed time spent in this place.
 B = Non-inter-level travel time spent in this place.
 C = Inter-level travel time spent in this place.
 D = Time resting spent in this place.
 E = Time spent auto-exploring this place.
 F = Levels seen in this place.
 G = Mean time per level.
                   A        B        C        D        E       F      G
               +--------+--------+--------+--------+--------+-----+--------+
         Total |  16999 |  16277 |    722 |    447 |  12841 |  17 |  999.9 |
       Dungeon |  14561 |  13875 |    686 |    447 |  10883 |  13 | 1120.1 |
        Temple |    232 |    225 |      7 |      0 |    225 |   1 |  232.0 |
          Lair |   1808 |   1781 |     27 |      0 |   1479 |   2 |  904.0 |
         Sewer |    397 |    397 |      0 |      0 |    254 |   1 |  397.0 |
               +--------+--------+--------+--------+--------+-----+--------+

Top non-repeatable levels by time:
     D:9: 1922 daAuts
     D:6: 1420 daAuts
    D:12: 1319 daAuts
    D:11: 1301 daAuts
  Lair:1: 1289 daAuts
     D:2: 1262 daAuts
     D:7: 1211 daAuts
     D:3: 1065 daAuts
     D:5: 1058 daAuts
     D:1: 1047 daAuts
    D:10: 926 daAuts
     D:8: 869 daAuts
     D:4: 869 daAuts
  Lair:2: 518 daAuts
   Sewer: 397 daAuts
